Map: Abyssal Reef LE

Players

SelfMerk

  • Race: Terran Terran
  • Spawn Location: 5:00

SamuraiFunn - Winner!

  • Race: Protoss Protoss
  • Spawn Location: 11:00

VOD

Have the link to the VOD?

Description

Time

  • Played on: Nov. 25, 2017, 12:54 p.m.
  • Length: 7:19
Show
View Real Time Build Order
Export as new Build Order

SelfMerk Terran 

Build Orders: MMM Bio 

Get SALT Encoding   

  12  0:01  SCV  
  13  0:13  SCV  
  14  0:26  SCV  
  15  0:30  Supply Depot  
  15  0:51  SCV  
  15  0:54  Barracks  
  16  1:03  SCV  
  17  1:15  SCV  
  18  1:21  Barracks  
  18  1:41  Marine  
  18  1:47  Supply Depot  
  19  1:54  Bunker  
  19  1:58  SCV  
  20  2:08  Command Center  
  20  2:10  SCV, Marine x2  
  23  2:22  SCV  
  24  2:25  Refinery  
  24  2:45  Orbital Command  
  24  2:49  Supply Depot  
  24  2:58  Engineering Bay  
  24  3:02  Marine x2  
  26  3:20  Marine  
  26  3:22  Barracks Tech Lab  
  27  3:28  SCV  
  28  3:40  SCV  
  29  3:44  SCV  
  30  3:49  Combat Shields  
  30  3:50  Marine  
  30  3:51  Marine  
  30  3:53  SCV  
  33  3:56  SCV  
  33  3:57  Refinery  
  33  4:01  Refinery  
  34  4:04  Refinery  
  34  4:08  Marine x2  
  36  4:22  Command Center  
  36  4:24  Terran Infantry Weapons Level 1  
  36  4:26  Marine x2  
  36  4:29  SCV  
  39  4:35  SCV  
  40  4:41  SCV  
  40  4:44  Marine  
  42  4:47  SCV  
  43  4:53  SCV  
  43  4:59  SCV  
  45  5:01  Marine  
  45  5:02  Marine  
  45  5:05  SCV  
  48  5:11  SCV, Stimpack  
  49  5:17  SCV  
  49  5:18  Factory  
  49  5:19  Marine  
  51  5:25  Factory  
  51  5:30  SCV  
  52  5:37  Orbital Command  
  52  5:43  SCV  
  52  5:48  Barracks Reactor  
  52  5:49  Marine  
  54  5:56  SCV  
  54  6:07  Marine  
  54  6:08  SCV  
  52  6:14  Starport  
  52  6:19  Starport  
  52  6:20  SCV  
  52  6:24  Marine  
  48  6:32  SCV  
  32  6:40  Missile Turret  
  32  6:45  Missile Turret  
Show
View Real Time Build Order
Export as new Build Order

SamuraiFunn Protoss - Winner!

Build Orders:  

Get SALT Encoding   

  12  0:01  Probe  
  13  0:13  Probe  
  14  0:19  Pylon  
  14  0:25  Probe  
  15  0:37  Probe  
  15  0:39  Gateway  
  16  0:49  Probe  
  17  1:01  Probe  
  18  1:05  Assimilator  
  18  1:13  Probe  
  19  1:25  Probe  
  20  1:51  Nexus  
  20  1:54  Probe  
  20  2:00  Assimilator  
  21  2:02  Pylon  
  21  2:11  Cybernetics Core  
  21  2:15  Gateway  
  21  2:18  Probe  
  22  2:30  Probe  
  22  2:33  Gateway  
  23  2:38  Adept  
  23  2:42  Probe  
  24  2:49  Warp Gate (Chrono Boost)  
  26  3:02  Probe  
  26  3:03  Pylon  
  26  3:04  Probe  
  28  3:18  Probe x2  
  30  3:31  Probe x2  
  30  3:33  Twilight Council  
  32  3:52  Probe x2  
  34  4:00  Assimilator  
  34  4:03  Assimilator  
  34  4:04  Probe x2  
  34  4:05  Pylon  
  36  4:14  Dark Shrine  
  36  4:23  Gateway  
  36  4:35  Probe x2  
  38  4:44  Gateway  
  38  4:47  Probe x2  
  40  4:59  Probe x2  
  42  5:12  Probe x2  
  44  5:40  Dark Templar x4  
  44  5:42  Dark Templar  
  54  5:48  Probe  
  55  5:50  Probe  
  56  6:30  Dark Templar x3  
  62  7:12  Pylon  
  62  7:13  Pylon  
  62  7:14  Pylon  
Tags
 
Composition
MMM Bio
Matchup
PvT
Replay Pack
First 100 games
Spawn Locations
Cross Positions
Add a new tag
Caveats
  • Supply blocks, unpowered buildings, or Contaminate may cause inaccurate times.
  • Supply counts are checked every 10 seconds.